Winsalmostnever, neutral male human Tourist -- .-- ... ...-- ....-- ---- ---- ......---- ---- |... |..| .........| ...-- -----...-----..----.....@....| - .... ....%.........Y.M....@....- ..------ -....--..........o.....................| |.................<.............- ----...........f.[............--- -..........@./.....| -- ...| -- -..........[.....-- | |...................-- |+. ----.............| -- -----......|..| --.--..|--- ------- Winsalmostnever the Sightseer Experience level: 4 Strength: 9 Dexterity: 10 Constitution: 14 Intelligence: 15 Wisdom: 11 Charisma: 14 Health: 0(46) Energy: 15(15) Def: 7 Gold: 1231 Moves: 1563 Dungeon seed: L96XrMJs_A0T1kqC Game ID: Winsalmostnever_1708538838 Your Inventory: Coins $ - 1231 gold pieces Weapons a - 30 uncursed +2 darts (in quiver) s - a cursed +0 aklys (weapon in hand) u - an uncursed +0 dagger x - an uncursed +0 dwarvish short sword Armor e - a blessed +0 Hawaiian shirt (being worn) y - an uncursed +0 dwarvish iron helm (being worn) z - an uncursed +0 dwarvish cloak (being worn) N - an uncursed +0 dwarvish roundshield (being worn) Y - an uncursed +0 pair of iron shoes (being worn) Comestibles b - an uncursed tin of jackal meat d - 2 uncursed tins of lichen f - 4 uncursed tripe rations Scrolls j - 3 uncursed scrolls of magic mapping k - a blessed scroll of magic mapping B - an uncursed scroll of enchant weapon Potions i - 2 uncursed potions of extra healing Rings t - an uncursed ring of stealth (on left hand) Tools l - an uncursed credit card m - an uncursed expensive camera (0:65) n - an uncursed leash o - an uncursed magic marker (0:0) p - an uncursed tin opener q - an uncursed towel r - an uncursed tin whistle w - an uncursed lock pick Spells and supernatural/magical abilities: Name Level Category Cost Memory W - pray for help -- divine ? -- Your skills at the end: Fighting Skills wands [Basic] Weapon Skills dart [Basic] Spellcasting Skills Final Attributes: You were piously aligned. You were hallucinating. You were visible. You were stealthy. You aggravated monsters. The Lady was noncommittal. You are dead. Vanquished creatures: a bugbear 3 gnome lords a little dog a kitten 2 dwarves a hobbit a large kobold 2 giant rats 3 cave spiders 9 gnomes 2 geckos 4 jackals a fox a bat 2 newts and a partridge in a pear tree 34 creatures vanquished. Voluntary challenges: You used a wielded weapon 8 times, starting on turn 643. You were illiterate. You never genocided any monsters. You never polymorphed an object. You never changed form. You used no wishes. You never split a pudding. You never wrote Elbereth's name. You never violated your personal moral code. Dungeon overview: The Dungeons of Doom: levels 1 to 3 Level 1 a fountain a long staircase Level 2 a sink Level 3 an altar to Blind Io, a fountain stairs to The Gnomish Mines The Gnomish Mines: levels 4 to 5 Level 4 stairs to The Dungeons of Doom Level 5 <- You were here History has recorded: On T:1 you entered the Dungeons of Doom to retrieve the Amulet of Yendor! On T:273 you reached level 2 of The Dungeons of Doom. On T:483 you reached level 3 of The Dungeons of Doom. On T:943 you reached level 1 of The Gnomish Mines. On T:967 you advanced to experience level 2. On T:1071 you advanced to experience level 3. On T:1121 you advanced to experience level 4. On T:1535 you reached level 2 of The Gnomish Mines. Score breakdown: Gold: 246 ( 8139 points) Experience: 4 levels ( 9649 points) Exploration: 5 levels ( 10.87%) ( 8944 points) Discoveries: 2 items ( 0.66%) ( 2437 points) Valuables value: (no points given unless you survive) Artifact value: 0 ( 0 points) Variety of kills: 15 monsters ( 3.95%) ( 5960 points) Turncount: 1563 turns ( 0 points) Survival: died (score multiplied by 80%) Total score: 28103 Latest messages: The white dragon hits! The dart hits the wraith! The de-lorean hits! The dart hits the forest centaur! The baluchitherium swings her pick-axe at you. The lynx hits! Lord Voldemort swings her pick-axe at you. The jester hits! You kill the cave spider! The dart hits the guardian naga! Morgoth swings her pick-axe at you. The nightmare hits! The newt swings her pick-axe at you. The hell hound pup hits! The dart hits the killer penguin. The dart hits the green slime. The fire giant swings her pick-axe at you. The owlbear hits! You die... Final status: Aloha Winsalmostnever the Tourist, killed by a hallucinogen-distorted dwarf lady... You died in The Gnomish Mines on dungeon level 5 with 28103 points, and 1231 pieces of gold, after 1563 moves. You were level 4 with a maximum of 46 hit points when you died.